| TOP OF THE 1ST |
|
Nashville Sounds batting - Pitching for Charlotte Knights : RHP Rick Young
|
|
Pitching: RHP Rick Young
|
|
|
Batting: RHB Jeff Garofalo
|
0-0: Called Strike 0-1: Ground out 4-3 (Groundball, 4, EV 80.0 MPH)
|
|
Batting: SHB Brace Harper
|
0-0: Swinging Strike 0-1: Foul Ball, location: 2F 0-2: Strikes out swinging
|
|
Batting: RHB Dusty Thompson
|
0-0: Called Strike 0-1: Ball 1-1: Foul Ball, location: 2F 1-2: Fly out, F9 (Line Drive, 9, EV 100.0 MPH)
|
| Top of the 1st over - 0 runs, 0 hits, 0 errors, 0 left on base; Nashville 0 - Charlotte 0 |
| BOTTOM OF THE 1ST |
|
Charlotte Knights batting - Pitching for Nashville Sounds : RHP Nick Kirk
|
|
Pitching: RHP Nick Kirk
|
|
|
Batting: LHB Dustin Taylor
|
0-0: Ball 1-0: Swinging Strike 1-1: Foul Ball, location: 2F 1-2: Foul Ball, location: 2F 1-2: Ball 2-2: Ground out 4-3 (Groundball, 4, EV 103.1 MPH)
|
|
Batting: RHB Brad Boals
|
0-0: Ball 1-0: Called Strike 1-1: Foul Ball, location: 2F 1-2: Ball 2-2: Ball 3-2: Ground out 5-3 (Groundball, 56, EV 98.8 MPH)
|
|
Batting: LHB John Thurman
|
0-0: Called Strike 0-1: Swinging Strike 0-2: Strikes out swinging
|
| Bottom of the 1st over - 0 runs, 0 hits, 0 errors, 0 left on base; Nashville 0 - Charlotte 0 |
| TOP OF THE 2ND |
|
Nashville Sounds batting - Pitching for Charlotte Knights : RHP Rick Young
|
|
Batting: RHB Chris Stillions
|
0-0: Ball 1-0: Foul Ball, location: 2F 1-1: SINGLE (Groundball, 4S, EV 70.0 MPH) (infield hit)
|
|
Batting: RHB Josh Sinden
|
0-0: Called Strike 0-1: Ball Chris Stillions is caught stealing 2nd base 2-4 1-1: Ball 2-1: Foul Ball, location: 2F 2-2: Ground out U3 (Groundball, 34, EV 83.8 MPH)
|
|
Batting: RHB Mike Cervino
|
0-0: Called Strike 0-1: Foul Ball, location: 2F 0-2: Ball 1-2: Foul Ball, location: 2F 1-2: Foul Ball, location: 2F 1-2: Foul Ball, location: 2F 1-2: Strikes out swinging
|
| Top of the 2nd over - 0 runs, 1 hit, 0 errors, 0 left on base; Nashville 0 - Charlotte 0 |
| BOTTOM OF THE 2ND |
|
Charlotte Knights batting - Pitching for Nashville Sounds : RHP Nick Kirk
|
|
Batting: LHB Larry Myers
|
0-0: Called Strike 0-1: DOUBLE (Line Drive, 78XD, EV 113.1 MPH)
|
|
Batting: RHB Micah Brown
|
0-0: Called Strike 0-1: Ground out 4-3 (Groundball, 4, EV 81.9 MPH) Larry Myers to third
|
|
Batting: LHB Alberto Carrasco
|
0-0: Ball 1-0: Foul Ball, location: 2F 1-1: Ball 2-1: Called Strike 2-2: SINGLE (Line Drive, 4M, EV 100.0 MPH) Larry Myers scores
|
|
Batting: RHB Danny Longoria
|
0-0: Ball 1-0: Ball 2-0: Fly out, F7 (Flyball, 7LM, EV 106.2 MPH)
|
|
Batting: RHB Jose Medina
|
0-0: Swinging Strike 0-1: Foul Ball, location: 2F 0-2: Fly out, F9 (Flyball, 9LS, EV 90.0 MPH)
|
| Bottom of the 2nd over - 1 run, 2 hits, 0 errors, 1 left on base; Nashville 0 - Charlotte 1 |
| TOP OF THE 3RD |
|
Nashville Sounds batting - Pitching for Charlotte Knights : RHP Rick Young
|
|
Batting: RHB Antonio Gomez
|
0-0: Ball 1-0: Ball 2-0: Foul Ball, location: 2F 2-1: Foul Ball, location: 2F 2-2: Ball 3-2: Ground out 3-1 (Groundball, 34, EV 81.2 MPH)
|
|
Batting: RHB Colin Boddy
|
0-0: Foul Ball, location: 2F 0-1: Ball 1-1: Reached on error, E3 (Groundball, 34S, EV 81.2 MPH)
|
|
Batting: RHB Dan Boylan
|
0-0: Called Strike 0-1: Ball 1-1: Ground out 6-3 (Groundball, 6S, EV 82.5 MPH)
|
|
Batting: RHB Jeff Garofalo
|
0-0: Ball 1-0: Ball 2-0: Called Strike 2-1: SINGLE (Flyball, 4D, EV 95.6 MPH) Colin Boddy to third Runner from 3rd tries for Home, SAFE, throw by CF to home
|
|
Batting: SHB Brace Harper
|
0-0: Called Strike 0-1: Swinging Strike 0-2: Ball 1-2: Ground out 4-3 (Groundball, 4, EV 98.1 MPH)
|
| Top of the 3rd over - 1 run, 1 hit, 1 error, 1 left on base; Nashville 1 - Charlotte 1 |
| BOTTOM OF THE 3RD |
|
Charlotte Knights batting - Pitching for Nashville Sounds : RHP Nick Kirk
|
|
Batting: RHB John Iddings
|
0-0: Swinging Strike 0-1: Ball 1-1: Ground out 5-3 (Groundball, 56, EV 84.4 MPH)
|
|
Batting: LHB Dustin Taylor
|
0-0: Ball 1-0: Ground out 2-3 (Groundball, 15S, EV 62.5 MPH)
|
|
Batting: RHB Brad Boals
|
0-0: Ball 1-0: Ball 2-0: Called Strike 2-1: Ball 3-1: Foul Ball, location: 2F 3-2: Foul Ball, location: 2F 3-2: Base on Balls
|
|
Batting: LHB John Thurman
|
0-0: Ball 1-0: Ball Brad Boals is caught stealing 2nd base 2-6
|
| Bottom of the 3rd over - 0 runs, 0 hits, 0 errors, 0 left on base; Nashville 1 - Charlotte 1 |
| TOP OF THE 4TH |
|
Nashville Sounds batting - Pitching for Charlotte Knights : RHP Rick Young
|
|
Batting: RHB Dusty Thompson
|
0-0: Fly out, F3 (Popup, 3F, EV 75.0 MPH)
|
|
Batting: RHB Chris Stillions
|
0-0: Called Strike 0-1: Ball 1-1: Called Strike 1-2: Ball 2-2: SINGLE (Groundball, 15S, EV 68.1 MPH) (infield hit)
|
|
Batting: RHB Josh Sinden
|
0-0: Ball 1-0: Called Strike 1-1: Ball Chris Stillions is caught stealing 2nd base 2-4 2-1: Fly out, F7 (Flyball, 7D, EV 85.6 MPH)
|
| Top of the 4th over - 0 runs, 1 hit, 0 errors, 0 left on base; Nashville 1 - Charlotte 1 |
| BOTTOM OF THE 4TH |
|
Charlotte Knights batting - Pitching for Nashville Sounds : RHP Nick Kirk
|
|
Batting: LHB John Thurman
|
0-0: SOLO HOME RUN (Flyball, 9LD, EV 95.0 MPH), Distance : 352 ft
|
|
Batting: LHB Larry Myers
|
0-0: Ball 1-0: Ball 2-0: Called Strike 2-1: Foul Ball, location: 2F 2-2: Foul Ball, location: 2F 2-2: Strikes out swinging
|
|
Batting: RHB Micah Brown
|
0-0: Ball 1-0: Called Strike 1-1: SINGLE (Line Drive, 9S, EV 99.4 MPH)
|
|
Batting: LHB Alberto Carrasco
|
0-0: TRIPLE (Flyball, 9LD, EV 94.4 MPH) Micah Brown scores
|
|
Batting: RHB Danny Longoria
|
0-0: Swinging Strike 0-1: Ball 1-1: Foul Ball, location: 2F 1-2: Foul Ball, location: 2F 1-2: Foul Ball, location: 2F 1-2: Strikes out swinging
|
|
Batting: RHB Jose Medina
|
0-0: Ball 1-0: Called Strike 1-1: Ball 2-1: Called Strike 2-2: Ground out 5-3 (Groundball, 56S, EV 86.2 MPH)
|
| Bottom of the 4th over - 2 runs, 3 hits, 0 errors, 1 left on base; Nashville 1 - Charlotte 3 |
| TOP OF THE 5TH |
|
Nashville Sounds batting - Pitching for Charlotte Knights : RHP Rick Young
|
|
Batting: RHB Mike Cervino
|
0-0: Ground out 5-3 (Groundball, 56, EV 85.0 MPH)
|
|
Batting: RHB Antonio Gomez
|
0-0: Ball 1-0: Foul Ball, location: 2F 1-1: Ball 2-1: Ball 3-1: Fly out, F9 (Line Drive, 89M, EV 97.5 MPH)
|
|
Batting: RHB Colin Boddy
|
0-0: Ball 1-0: Ball 2-0: Called Strike 2-1: Swinging Strike 2-2: Ball 3-2: Ground out 5-3 (Groundball, 5, EV 99.4 MPH)
|
| Top of the 5th over - 0 runs, 0 hits, 0 errors, 0 left on base; Nashville 1 - Charlotte 3 |
| BOTTOM OF THE 5TH |
|
Charlotte Knights batting - Pitching for Nashville Sounds : RHP Nick Kirk
|
|
Batting: RHB John Iddings
|
0-0: Called Strike 0-1: Ball 1-1: Foul Ball, location: 2F 1-2: Ball 2-2: Strikes out swinging
|
|
Batting: LHB Dustin Taylor
|
0-0: Ball 1-0: Foul Ball, location: 2F 1-1: Foul Ball, location: 2F 1-2: Strikes out swinging
|
|
Batting: RHB Brad Boals
|
0-0: Ball 1-0: Ball 2-0: Called Strike 2-1: Ball 3-1: Foul Ball, location: 2F 3-2: Strikes out swinging
|
| Bottom of the 5th over - 0 runs, 0 hits, 0 errors, 0 left on base; Nashville 1 - Charlotte 3 |
| TOP OF THE 6TH |
|
Nashville Sounds batting - Pitching for Charlotte Knights : RHP Rick Young
|
|
Batting: RHB Dan Boylan
|
0-0: Fly out, F4 (Line Drive, 34, EV 70.0 MPH)
|
|
Batting: RHB Jeff Garofalo
|
0-0: Hit by Pitch
|
|
Batting: SHB Brace Harper
|
0-0: Ball 1-0: Called Strike 1-1: Ball 2-1: Foul Ball, location: 2F 2-2: SINGLE (Flyball, 5D, EV 93.1 MPH) Jeff Garofalo to second
|
|
Batting: RHB Dusty Thompson
|
0-0: Ball 1-0: Foul Ball, location: 2F 1-1: Ball 2-1: Ball 3-1: Base on Balls Jeff Garofalo to third Brace Harper to second
|
|
Batting: RHB Chris Stillions
|
0-0: Fly out, F8 (Flyball, 8RS, EV 85.6 MPH)
|
|
Batting: RHB Josh Sinden
|
0-0: Foul Ball, location: 2F 0-1: Foul Ball, location: 2F 0-2: Ball 1-2: SINGLE (Groundball, 6MS, EV 73.8 MPH) (infield hit) Jeff Garofalo scores Brace Harper to third Dusty Thompson to second
|
|
Pitching: RHP Craig Potter
|
|
|
Pinch Hitting: SHB Rich Muniz
|
0-0: Called Strike 0-1: Ground out 3-1 (Groundball, 34S, EV 63.1 MPH)
|
| Top of the 6th over - 1 run, 2 hits, 0 errors, 3 left on base; Nashville 2 - Charlotte 3 |
| BOTTOM OF THE 6TH |
|
Charlotte Knights batting - Pitching for Nashville Sounds : RHP Nick Kirk
|
|
Now at 1B: Kevin Wiles
|
|
|
Now at 3B: Dusty Thompson
|
|
|
Now at SS: Brace Harper
|
|
|
Batting: LHB John Thurman
|
0-0: Called Strike 0-1: Ball 1-1: Fly out, F7 (Flyball, 7D, EV 91.9 MPH)
|
|
Batting: LHB Larry Myers
|
0-0: Ball 1-0: Ball 2-0: Ball 3-0: Swinging Strike 3-1: Foul Ball, location: 2F 3-2: Base on Balls
|
|
Batting: RHB Micah Brown
|
0-0: Ball 1-0: Ball 2-0: Fly out, F8 (Flyball, 8RM, EV 89.4 MPH)
|
|
Batting: LHB Alberto Carrasco
|
0-0: Fly out, F8 (Flyball, 8LD, EV 88.1 MPH)
|
| Bottom of the 6th over - 0 runs, 0 hits, 0 errors, 1 left on base; Nashville 2 - Charlotte 3 |
| TOP OF THE 7TH |
|
Nashville Sounds batting - Pitching for Charlotte Knights : RHP Craig Potter
|
|
Batting: RHB Antonio Gomez
|
0-0: Ball 1-0: Called Strike 1-1: Ball 2-1: Fly out, F9 (Flyball, 89S, EV 81.9 MPH)
|
|
Batting: RHB Colin Boddy
|
0-0: Swinging Strike 0-1: Fly out, F8 (Line Drive, 8LD, EV 96.9 MPH)
|
|
Batting: RHB Dan Boylan
|
0-0: Swinging Strike 0-1: Ball 1-1: Ball 2-1: Ground out 6-3 (Groundball, 6, EV 83.1 MPH)
|
| Top of the 7th over - 0 runs, 0 hits, 0 errors, 0 left on base; Nashville 2 - Charlotte 3 |
| BOTTOM OF THE 7TH |
|
Charlotte Knights batting - Pitching for Nashville Sounds : RHP Nick Kirk
|
|
Batting: RHB Danny Longoria
|
0-0: Ball 1-0: Swinging Strike 1-1: Ball 2-1: Called Strike 2-2: Ball 3-2: Fly out, F4 (Popup, 6M, EV 70.6 MPH)
|
|
Batting: RHB Jose Medina
|
0-0: Ball 1-0: Ground out 4-3 (Groundball, 4, EV 86.9 MPH)
|
|
Batting: RHB John Iddings
|
0-0: Called Strike 0-1: Swinging Strike 0-2: Ball 1-2: Ball 2-2: Foul Ball, location: 2F 2-2: Ball 3-2: Fly out, F9 (Flyball, 9, EV 78.8 MPH)
|
| Bottom of the 7th over - 0 runs, 0 hits, 0 errors, 0 left on base; Nashville 2 - Charlotte 3 |
| TOP OF THE 8TH |
|
Nashville Sounds batting - Pitching for Charlotte Knights : RHP Craig Potter
|
|
Pitching: RHP Michael McMurry
|
|
|
Now at 2B: Ching-hsia Zhang
|
|
|
Batting: RHB Jeff Garofalo
|
0-0: Ball 1-0: Ball 2-0: Ball 3-0: Called Strike 3-1: Foul Ball, location: 2F 3-2: Fly out, F6 (Line Drive, 56, EV 75.6 MPH)
|
|
Batting: SHB Brace Harper
|
0-0: Ball 1-0: Ball 2-0: Called Strike 2-1: Ball 3-1: Base on Balls
|
|
Pinch Hitting: SHB Quincy Bradford
|
0-0: Called Strike 0-1: Ball 1-1: Foul Ball, location: 2F 1-2: Foul Ball, location: 2F 1-2: Ball 2-2: Foul Ball, location: 2F 2-2: Ball 3-2: Reached on error, E6 (Groundball, 56, EV 88.8 MPH) Brace Harper to second
|
|
Pitching: RHP Jesus Griego
|
|
|
Batting: RHB Chris Stillions
|
0-0: Ball 1-0: Ball 2-0: Ball 3-0: Base on Balls Brace Harper to third Quincy Bradford to second
|
|
Batting: RHB Josh Sinden
|
0-0: Grounds into double play, 6-2-3 (Groundball, 6, EV 84.4 MPH)
|
| Top of the 8th over - 0 runs, 0 hits, 1 error, 2 left on base; Nashville 2 - Charlotte 3 |
| BOTTOM OF THE 8TH |
|
Charlotte Knights batting - Pitching for Nashville Sounds : RHP Nick Kirk
|
|
Pitching: RHP Martin Goyer
|
|
|
Now at 3B: Brace Harper
|
|
|
Now at SS: Quincy Bradford
|
|
|
Batting: LHB Dustin Taylor
|
0-0: Foul Ball, location: 2F 0-1: Called Strike 0-2: Ball 1-2: Ball 2-2: Strikes out swinging
|
|
Batting: RHB Brad Boals
|
0-0: Ball 1-0: Ball 2-0: Swinging Strike 2-1: Swinging Strike 2-2: Foul Ball, location: 2F 2-2: Strikes out swinging
|
|
Batting: LHB John Thurman
|
0-0: Ground out 4-3 (Groundball, 4, EV 83.1 MPH)
|
| Bottom of the 8th over - 0 runs, 0 hits, 0 errors, 0 left on base; Nashville 2 - Charlotte 3 |
| TOP OF THE 9TH |
|
Nashville Sounds batting - Pitching for Charlotte Knights : RHP Jesus Griego
|
|
Pitching: LHP Steven Wolf
|
|
|
Batting: RHB Kevin Wiles
|
0-0: Called Strike 0-1: Foul Ball, location: 2F 0-2: Ball 1-2: Ball 2-2: Strikes out looking
|
|
Batting: RHB Antonio Gomez
|
0-0: Ball 1-0: SINGLE (Line Drive, 89S, EV 110.6 MPH)
|
|
Batting: RHB Colin Boddy
|
0-0: Foul Ball, location: 2F 0-1: Called Strike 0-2: Strikes out swinging
|
|
Batting: RHB Dan Boylan
|
0-0: Swinging Strike 0-1: Ball 1-1: Foul Ball, location: 2F 1-2: Ground out 1-3 (Groundball, 13S, EV 71.2 MPH)
|
| Top of the 9th over - 0 runs, 1 hit, 0 errors, 1 left on base; Nashville 2 - Charlotte 3 |
|